 Dungeon Crawl Stone Soup version 0.18-a0-1229-ge9a1a01 (webtiles) character file.

11275 Duffy the Archer (level 11, -2/82 HPs)
             Began as a High Elf Hunter on Feb 4, 2016.
             Was a Priest of Trog.
             Slain by an unseen horror (4 damage)
             ... on level 10 of the Dungeon.
             The game lasted 00:24:45 (17353 turns).

Duffy the Archer (High Elf Hunter)                 Turns: 17353, Time: 00:24:46

Health: -2/82      AC: 22    Str: 14    XL:     11   Next: 47%
Magic:  0/12       EV: 11    Int: 15    God:    Trog [***...]
Gold:   451        SH:  0    Dex: 17    Spells: 0 memorised, 10 levels left

rFire  . . .     SeeInvis .     R - +4 flail (protect)
rCold  . . .     Gourm    .     S - +1 chain mail "Omobbaadym" {rPois}
rNeg   . . .     Faith    .     (no shield)
rPois  +         Spirit   +     (no helmet)
rElec  .         Dismiss  .     M - +2 cloak
rCorr  +         Reflect  .     I - +2 pair of gloves
SustAt .         Harm     .     (no boots)
MR     +....                    D - amulet of guardian spirit
Stlth  ..........               n - ring of wizardry
                                i - ring of resist corrosion

@: somewhat resistant to hostile enchantments, extremely unstealthy
A: no striking features
a: Berserk, Trog's Hand, Burn Spellbooks, Renounce Religion


You were on level 10 of the Dungeon.
You worshipped Trog.
Trog was most pleased with you.
You were hungry.

You visited 2 branches of the dungeon, and saw 12 of its levels.
You also visited: Sewer.

You collected 451 gold pieces.


   Skills:
 - Level 10.8 Fighting
 + Level 13.1 Bows
 - Level 5.5 Armour
 - Level 10.5 Dodging
 - Level 2.4 Stealth


You had 10 spell levels left.
You didn't know any spells.

Inventory:

Hand Weapons
 a - a +2 shortbow
 b - a +0 short sword
 p - a +0 quarterstaff
 B - a +0 blowgun
 R - a +4 flail of protection (weapon)
Missiles
 d - 120 arrows
 q - 19 poisoned needles
 w - a throwing net (quivered)
 z - 14 curare-tipped needles
 G - 10 poisoned arrows
 W - 28 arrows of flame
Armour
 c - a +0 leather armour
 y - a +0 ring mail
 F - a +0 plate armour
 I - a +2 pair of gloves (worn)
 J - a +1 chain mail of poison resistance
 M - a +2 cloak (worn)
 S - the +1 chain mail "Omobbaadym" (worn) {rPois}

   It protects you from poison.
Jewellery
 i - a ring of resist corrosion (left hand)
 n - a ring of wizardry (right hand)
 v - an uncursed ring of fire
 C - an uncursed amulet of magic regeneration
 D - an amulet of guardian spirit (around neck)
Wands
 N - a wand of flame (22/48)
 T - a wand of hasting (3/9)
Scrolls
 h - 3 scrolls of teleportation
 k - a scroll of silence {unknown}
 l - 4 scrolls of recharging
 m - 3 scrolls of blinking
 r - 6 scrolls of remove curse
 s - 2 scrolls of fear
 u - 3 scrolls of magic mapping
 x - a scroll of enchant armour
 O - a scroll of noise {unknown}
 P - a scroll of fog {unknown}
 Q - a scroll of vulnerability {unknown}
 X - a scroll of random uselessness {unknown}
Potions
 e - 2 potions of might
 o - a potion of resistance
 A - 2 potions of agility
 E - a potion of cancellation
 H - a potion of brilliance {unknown}
 K - a potion of curing {unknown}
 U - a potion of magic {unknown}
 Z - a potion of heal wounds
Comestibles
 f - 11 bread rations
 g - 5 meat rations
 t - 7 slices of pizza
 V - 3 fruits

Dungeon Overview and Level Annotations

Branches:
Dungeon (11/15)            Temple (1/1) D:7
   Lair: D:8-11         Orc: D:9-12

Altars:
Ashenzari
Cheibriados
Dithmenos
Elyvilon
Fedhas
Gozag
Kikubaaqudgha
Makhleb
Nemelex Xobeh
Okawaru
Pakellas
Qazlal
Ru
Sif Muna
Trog
Vehumet
Xom
Yredelemnul
Zin
The Shining One


Message History

You swing at nothing.
Something hits you but does no damage. x2
You swing at nothing.
Something barely misses you.
You swing at nothing.
Something hits you.
You swing at nothing.
Something hits you but does no damage. x2
You swing at nothing.
Something hits you but does no damage.
You swing at nothing.
Something hits you. Something hits you but does no damage.
You swing at nothing.
Something hits you but does no damage. x2
You swing at nothing.
Something hits you but does no damage. Something hits you. x2
You swing at nothing.
Something hits you! Something completely misses you.
You swing at nothing.
Something hits you but does no damage. x2
You swing at nothing.
Something hits you but does no damage.
You swing at nothing.
Something hits you but does no damage. x2
You swing at nothing.
Something hits you but does no damage.
You swing at nothing.
Something hits you.
Your chain mail "Omobbaadym" prevents you from hitting something.
Something hits you.
You swing at nothing.
Something hits you but does no damage.
Something hits you but does no damage. x2
Something hits you but does no damage. Something hits you but does no damage.
You barely miss something. Something hits you but does no damage.
Something hits you but does no damage.
Your chain mail "Omobbaadym" prevents you from hitting something.
You are starving!
Something hits you.
Something hits you but does no damage. x2
You sock something! Something hits you but does no damage. Something hits you.
You swing at nothing.
Something hits you.
Eat which item? (? for menu, Esc to quit)
You can't eat that!
Eat which item? (? for menu, Esc to quit)
You are feeling hungry.
Something hits you.
You die...

###### #..... ########### ##..###
#.....@...# ####......
##.#######.####.......#.
##...####.............###
#...........####.##....#.
#########>...####.#.#.......#.#.#
>...........####..#.#.#..##.#.#.#
............###.#.#.#.#.###.#.#.#
.#########..##.###..#.#.###.#.#.#
.# #.....## ##.....##....#.#


There were no monsters in sight!

Action                   |  1- 3 |  4- 6 |  7- 9 | 10-12 || total
-------------------------+-------+-------+-------+-------++-------
Melee: Short sword       |   149 |       |       |       ||   149
       Quarterstaff      |    32 |   209 |   378 |       ||   619
       Flail             |       |       |   271 |   698 ||   969
 Fire: Shortbow          |     9 |    29 |    48 |       ||    86
Invok: Berserk           |       |       |     1 |    12 ||    13
       Burn Spellbooks   |       |       |     1 |     1 ||     2
       Trog's Hand       |       |       |       |     1 ||     1
  Use: Scroll            |       |     5 |    13 |     1 ||    19
       Potion            |       |       |       |     2 ||     2
 Stab: Sleeping          |     6 |       |       |       ||     6
       Distracted        |     1 |       |       |       ||     1
  Eat: Chunk             |     5 |    10 |    33 |    19 ||    67
       Fruit             |       |       |     4 |       ||     4
       Royal jelly       |       |       |       |     2 ||     2
       Beef jerky        |       |       |       |     4 ||     4
       Pizza             |       |       |       |     1 ||     1

Notes
Turn   | Place    | Note
--------------------------------------------------------------
     0 | D:1      | Duffy the High Elf Hunter began the quest for the Orb.
     0 | D:1      | Reached XP level 1. HP: 14/14 MP: 2/2
   282 | D:1      | Reached XP level 2. HP: 6/19 MP: 3/3
   504 | D:1      | Reached skill level 6 in Bows
  1056 | D:1      | Reached XP level 3. HP: 20/24 MP: 4/4
  1948 | D:2      | Found a shattered altar of Ashenzari.
  1951 | D:2      | Found a blossoming altar of Fedhas.
  1954 | D:2      | Found a deep blue altar of Sif Muna.
  2086 | D:2      | Reached skill level 7 in Bows
  2553 | D:2      | Reached XP level 4. HP: 29/29 MP: 5/5
  2997 | D:3      | Reached skill level 8 in Bows
  3236 | D:3      | Found a glowing drain.
  3241 | Sewer    | Entered a sewer
  3589 | Sewer    | Noticed a crocodile
  3600 | Sewer    | Killed a crocodile
  3600 | Sewer    | Reached skill level 9 in Bows
  3600 | Sewer    | Reached XP level 5. HP: 7/34 MP: 6/6
  4213 | D:3      | Found a burning altar of Makhleb.
  4433 | D:4      | Reached XP level 6. HP: 39/39 MP: 7/7
  4854 | D:4      | Reached skill level 10 in Bows
  5587 | D:4      | Found a sparkling altar of Nemelex Xobeh.
  5642 | D:4      | Reached skill level 3 in Dodging
  5642 | D:4      | Reached XP level 7. HP: 2/45 MP: 2/8
  6009 | D:4      | Reached skill level 3 in Fighting
  6762 | D:5      | Entered Level 5 of the Dungeon
  6847 | D:4      | Reached skill level 4 in Dodging
  7034 | D:5      | Reached skill level 4 in Fighting
  7251 | D:5      | Reached skill level 5 in Dodging
  7754 | D:5      | Reached XP level 8. HP: 49/54 MP: 9/9
  8160 | D:5      | Reached skill level 5 in Fighting
  8720 | D:6      | Reached skill level 6 in Dodging
  9168 | D:6      | Reached skill level 6 in Fighting
  9528 | D:6      | Reached skill level 7 in Dodging
  9555 | D:6      | Noticed Edmund
 10069 | D:3      | Killed Edmund
 10290 | D:6      | Noticed Sigmund
 10362 | D:5      | Reached skill level 7 in Fighting
 10362 | D:5      | Reached XP level 9. HP: 61/64 MP: 10/10
 10392 | D:6      | Killed Sigmund
 10598 | D:6      | Noticed Pikel
 10636 | D:6      | Killed Pikel
 10636 | D:6      | Reached skill level 8 in Dodging
 10971 | D:7      | Reached skill level 8 in Fighting
 11169 | D:7      | Found a staircase to the Ecumenical Temple.
 11175 | Temple   | Entered the Ecumenical Temple
 11313 | Temple   | Became a worshipper of Trog the Wrathful
 11484 | D:7      | Reached skill level 9 in Dodging
 11765 | D:7      | Found an oddly glowing altar of Pakellas.
 11792 | D:7      | Reached skill level 1 in Armour
 11906 | D:7      | Reached * piety under Trog
 11948 | D:8      | Reached skill level 2 in Armour
 12002 | D:8      | Found an iron altar of Okawaru.
 12557 | D:8      | Reached XP level 10. HP: 45/73 MP: 7/11
 12782 | D:9      | Noticed Grum
 12799 | D:8      | Reached skill level 9 in Fighting
 12799 | D:8      | Reached skill level 3 in Armour
 12857 | D:9      | Killed Grum
 13111 | D:8      | Reached skill level 4 in Armour
 13155 | D:9      | Reached skill level 10 in Dodging
 13377 | D:9      | Got an ichor-stained chain mail
 13391 | D:9      | Identified the +1 chain mail "Omobbaadym" {rPois} (You found it on level 9 of the Dungeon)
 13424 | D:9      | Reached ** piety under Trog
 13922 | D:9      | Reached skill level 5 in Armour
 14456 | D:9      | Reached skill level 10 in Fighting
 14717 | D:9      | Killed an unseen horror
 14947 | D:9      | Reached XP level 11. HP: 71/82 MP: 9/12
 14949 | D:9      | Reached *** piety under Trog
 15019 | D:10     | Entered Level 10 of the Dungeon
 15098 | D:9      | Reached skill level 2 in Stealth
 15360 | D:10     | Reached skill level 11 in Bows
 16284 | D:10     | Noticed a hill giant
 16325 | D:10     | Killed a hill giant
 16325 | D:10     | Reached skill level 12 in Bows
 16401 | D:10     | Received a gift from Trog
 16824 | D:11     | Noticed a hill giant
 17100 | D:11     | Killed a hill giant
 17162 | D:10     | Reached skill level 13 in Bows
 17353 | D:10     | Slain by an unseen horror

Vault maps used:
D:1:      dpeg_arrival_subterranean_lakeside_camping, grunt_decor_mini_mirrors,
          minmay_crystal_water
D:2:      grunt_temple_overflow_diamond, first_bread
D:3:      lightli_sewer_entry_pipes, makhleb_blood_cavern_becter
D:4:      nemelex_xobeh_ov_fountains_minmay
D:6:      uniq_pikel, uniq_edmund, uniq_sigmund
D:7:      lemuel_ice_spiral_2, kennysheep_mini_moat, minmay_temple_entry_fiery,
          grunt_livestock
D:8:      erik_lair_orcish_takeover, serial_shops, shop, basic_altar,
          trog_ov_bears_minmay, uniq_erica
D:9:      lightli_orcish_oven, uniq_grum
D:10:     kennysheep_generic_room_10
D:11:     basic_altar
Temple:   nicolae_temple_elliptical
Sewer:    sewer_the_crocodile

Vanquished Creatures
  An unseen horror
  2 hill giants Pikel
  A centaur zombie
  2 gargoyles
  A komodo dragon
  2 trolls Sigmund Grum
  A human
  9 yaks
  2 hippogriffs
  3 wolves
  2 wargs Edmund
  A water moccasin
  An orc warrior
  3 slaves
  5 sky beasts
  3 centaurs
  An ice beast
  2 phantoms
  5 ogres
  2 crocodiles
  A big kobold
  3 giant frogs
  4 scorpions
  A water moccasin skeleton
  16 killer bees
  4 wights
  8 crimson imps
  A wasp zombie
  8 hounds
  A jelly
  6 orc priests
  6 giant frog skeletons
  8 orc wizards
  4 iguanas
  10 worker ants
  2 killer bee zombies
  4 sheep
  3 hound skeletons
  2 worker ant zombies
  15 gnolls
  10 adders
  A shadow imp
  An adder zombie
  An adder skeleton
  4 worms
  11 giant geckos
  29 orcs
  2 ball pythons
  10 bats
  11 giant cockroaches
  9 goblins
  11 hobgoblins
  9 jackals
  7 quokkas
  A giant gecko skeleton
  7 giant newts
  19 kobolds
  2 quokka skeletons
  12 rats
317 creatures vanquished.
